 Dungeon Crawl Stone Soup version 0.18.1-5-g4a78601 (webtiles) character file.

6815 Scarto the Blocker (level 11, 0/89 HPs)
             Began as a Formicid Fighter on May 11, 2016.
             Succumbed to a skeletal warrior's poison
             ... on level 9 of the Dungeon.
             The game lasted 00:22:00 (7741 turns).

Scarto the Blocker (Formicid Fighter)               Turns: 7741, Time: 00:22:01

Health: 0/89       AC: 20    Str: 29    XL:     11   Next: 25%
Magic:  11/11      EV:  8    Int:  8    God:
Gold:   368        SH: 15    Dex: 10    Spells: 0 memorised, 10 levels left

rFire  . . .     SeeInvis +     B - +3 morningstar
rCold  . . .     Gourm    .     k - +3 plate armour
rNeg   . . .     Faith    .     c - +0 shield
rPois  .         Spirit   .     (helmet unavailable)
rElec  .         Dismiss  .     n - +0 cloak
rCorr  .         Reflect  +     p - +0 pair of gloves
SustAt .         Harm     .     (no boots)
MR     +....                    G - +3 amulet of reflection
Stlth  ..........               (no ring)
                                (no ring)

@: mighty, lethally poisoned (0 -> -17), somewhat resistant to hostile
enchantments, extremely unstealthy
A: permanent stasis, dig shafts and tunnels, four strong arms, antennae 3, fangs
1, shaggy fur 1
a: Dig, Shaft Self


You were on level 9 of the Dungeon.
You were not hungry.

You visited 1 branch of the dungeon, and saw 9 of its levels.

You collected 368 gold pieces.

Inventory:

Hand Weapons
 r - a +3 war axe
 B - a +3 morningstar (weapon)
Missiles
 a - 7 silver javelins
 m - 21 bolts
 v - 3 tomahawks (quivered)
Armour
 c - a +0 shield (worn)
 k - a +3 plate armour (worn)
 n - a +0 cloak (worn)
 p - a +0 pair of gloves (worn)
Jewellery
 G - a +3 amulet of reflection (around neck)
Scrolls
 b - a scroll of fog
 i - 10 scrolls of remove curse
 o - 3 scrolls of fear
 w - 2 scrolls of recharging
Potions
 h - 2 potions of resistance
 x - 3 potions of magic
Comestibles
 f - 2 chunks of flesh
 j - a meat ration
 u - 2 fruits
 z - 6 bread rations
 A - 8 beef jerkies


   Skills:
 + Level 9.0 Fighting
 + Level 7.7(8.1) Axes
 + Level 3.7(6.2) Maces & Flails
   Level 5.2 Crossbows
 + Level 9.1 Armour
 + Level 9.8 Shields


You had 10 spell levels left.
You didn't know any spells.

Dungeon Overview and Level Annotations

Branches:
Dungeon (9/15)             Temple (0/1) D:7            Lair (0/8) D:9
    Orc: D:9-12

Altars:
Dithmenos
Gozag
Kikubaaqudgha
Nemelex Xobeh
Pakellas
Zin

Shops:
D:7 =

Annotations:
D:6 Prince Ribbit
D:9 exclusion: orange crystal statue


Innate Abilities, Weirdness & Mutations

You are under a permanent stasis effect.
You can dig through walls and to a lower floor.
Your four strong arms can wield two-handed weapons with a shield.
You have a pair of large antennae on your head (SInv).
You have very sharp teeth.
You are covered in fur (AC +1).


Message History

You block the skeletal warrior's attack.
The skeletal warrior closely misses you.
You hit the skeletal warrior. Your bite misses the skeletal warrior.
The skeletal warrior is lightly damaged.
* * * LOW HITPOINT WARNING * * *
You feel very sick.
The skeletal warrior hits you from afar with a glaive!
* * * LOW HITPOINT WARNING * * *
The skeletal warrior closely misses you.
* * * LOW HITPOINT WARNING * * *
You feel sick.
The skeletal warrior hits you but does no damage.
* * * LOW HITPOINT WARNING * * *
You feel sick.
* * * LOW HITPOINT WARNING * * *
You feel sick.
Found a war axe.
Marking area around the orange crystal statue as unsafe for travelling.
An orange crystal statue comes into view.
You die... †.†P.### P....P.### PP.P..z.P# .PPPPzPz.## P.P.PPPP..# P.....P.Pz# PPP.PPP...#

###.#
rP.PPPP..Y########......
PPP..PP...zz)z..@.......
PPPPPP.P.g#######.......
.$PPP.....{ .....).
.PP.....## ......)
P.PP.## ......8 ....#
....... .#.. ...)... ##
.......


You could see an orange crystal statue (unaware), 3 skeletal warriors, a sky
beast and a gnoll.

Vanquished Creatures
  Erica (D:9)
  2 skeletal warriors (D:9)
  Pikel (D:7)
  Maurice (D:8)
  Sigmund (D:4)
  A wyvern (D:8)
  Grum (D:8)
  A hippogriff (D:8)
  A sky beast (D:7)
  4 slaves (D:7)
  4 orc warriors
  2 ice beasts (D:8)
  A black bear (D:8)
  3 ogres
  3 wolves (D:8)
  2 centaurs
  2 giant frogs (D:6)
  A gnoll sergeant (D:7)
  A water moccasin zombie (D:8)
  4 scorpions
  5 killer bees (D:8)
  3 wights (D:8)
  2 howler monkeys (D:7)
  2 crimson imps
  2 giant frog zombies (D:5)
  2 centaur zombies
  3 jellies
  2 centaur skeletons
  A giant frog skeleton (D:6)
  An orc priest (D:7)
  4 hounds
  An orc wizard (D:6)
  Terence (D:3)
  3 iguanas
  6 worker ants
  18 gnolls
  2 adders
  2 oozes
  3 worms
  9 dart slugs
  3 giant geckos
  17 orcs
  2 ball pythons
  7 giant cockroaches
  13 goblins
  4 hobgoblins
  5 jackals
  10 kobolds
  4 quokkas
  A ball python skeleton (D:6)
  11 bats
  3 giant newts
  2 jackal skeletons
  8 rats
  6 fungi (D:9)
  A plant (D:9)
206 creatures vanquished.

Vanquished Creatures (others)
  2 fungi (D:9)
2 creatures vanquished.

Grand Total: 208 creatures vanquished

Notes
Turn   | Place    | Note
--------------------------------------------------------------
     0 | D:1      | Scarto the Formicid Fighter began the quest for the Orb.
     0 | D:1      | Reached XP level 1. HP: 18/18 MP: 1/1
   240 | D:1      | Reached XP level 2. HP: 24/24 MP: 2/2
   682 | D:2      | Reached XP level 3. HP: 22/29 MP: 3/3
   800 | D:2      | Found a glowing silver altar of Zin.
   803 | D:2      | Found a shadowy altar of Dithmenos.
   804 | D:2      | Found an opulent altar of Gozag.
  1157 | D:2      | Reached XP level 4. HP: 37/37 MP: 4/4
  1380 | D:3      | Noticed Terence
  1393 | D:3      | Killed Terence
  1486 | D:3      | Reached XP level 5. HP: 13/42 MP: 5/5
  2272 | D:4      | Reached XP level 6. HP: 37/49 MP: 6/6
  2397 | D:4      | Reached skill level 5 in Shields
  2433 | D:4      | Noticed an ogre
  2444 | D:4      | Killed an ogre
  2444 | D:4      | Reached skill level 1 in Crossbows
  2766 | D:4      | Noticed Sigmund
  2788 | D:4      | Killed Sigmund
  2788 | D:4      | Reached skill level 5 in Fighting
  2788 | D:4      | Reached skill level 5 in Armour
  2788 | D:4      | Reached XP level 7. HP: 51/56 MP: 7/7
  3252 | D:5      | Entered Level 5 of the Dungeon
  3707 | D:5      | Reached XP level 8. HP: 62/63 MP: 8/8
  3927 | D:5      | Found an ancient bone altar of Kikubaaqudgha.
  3933 | D:5      | Found an oddly glowing altar of Pakellas.
  4300 | D:6      | Found a sparkling altar of Nemelex Xobeh.
  4398 | D:6      | Noticed Prince Ribbit
  4465 | D:7      | Noticed Pikel
  4487 | D:7      | Killed Pikel
  4487 | D:7      | Reached skill level 5 in Axes
  4487 | D:7      | Reached XP level 9. HP: 45/71 MP: 9/9
  4923 | D:7      | Gained mutation: You possess an exceptional clarity of mind. [mutagenic meat]
  4924 | D:7      | Gained mutation: You are covered in fur (AC +1). [mutagenic meat]
  4925 | D:7      | Gained mutation: You have very sharp teeth. [mutagenic meat]
  4926 | D:7      | Lost mutation: You possess an exceptional clarity of mind. [mutagenic meat]
  5175 | D:7      | Found Lyutik's Jewellery Emporium.
  5458 | D:7      | Found a staircase to the Ecumenical Temple.
  5622 | D:8      | Reached skill level 5 in Crossbows
  5791 | D:8      | Reached XP level 10. HP: 66/79 MP: 10/10
  6115 | D:8      | HP: 3/80 [ogre/giant club (2)]
  6118 | D:8      | Reached skill level 1 in Maces & Flails
  7058 | D:8      | Noticed Maurice
  7069 | D:8      | Killed Maurice
  7137 | D:8      | Noticed Grum
  7144 | D:8      | Killed Grum
  7592 | D:9      | Noticed Erica
  7611 | D:9      | Killed Erica
  7611 | D:9      | Reached XP level 11. HP: 78/87 MP: 11/11
  7648 | D:9      | Found a staircase to the Lair.
  7687 | D:9      | Noticed a skeletal warrior
  7693 | D:9      | Noticed a skeletal warrior
  7694 | D:9      | Noticed a skeletal warrior
  7696 | D:9      | Noticed a skeletal warrior
  7697 | D:9      | Noticed a skeletal warrior
  7725 | D:9      | Killed a skeletal warrior
  7733 | D:9      | Killed a skeletal warrior
  7733 | D:9      | HP: 4/89 [skeletal warrior/halberd[a skeletal warrior] (11)]
  7739 | D:9      | HP: 4/89 [poisoned by a skeletal warrior]
  7741 | D:9      | Noticed an orange crystal statue
  7741 | D:9      | Succumbed to a skeletal warrior's poison

Skill      XL: |  1  2  3  4  5  6  7  8  9 10 11 |
---------------+----------------------------------+-----
Shields        | 4 5 7 8 9 |  9.8
Fighting       | 4 5 6 7 8 9 |  9.0
Armour         | 4 5 6 7 8 9 |  9.1
Axes           | 3 4 5 6 7 |  7.7
Crossbows      | 1 2 4 5 |  5.2
Maces & Flails | 2 3 |  3.7

Action                   |  1- 3 |  4- 6 |  7- 9 | 10-12 || total
-------------------------+-------+-------+-------+-------++-------
Melee: War axe           |   138 |   128 |   230 |    70 ||   566
       Bite              |       |       |    12 |    41 ||    53
       Battleaxe         |       |       |    10 |    53 ||    63
       Morningstar       |       |       |       |   147 ||   147
 Fire: Hand crossbow     |       |     6 |    46 |       ||    52
  Use: Scroll            |     5 |     5 |     8 |       ||    18
       Potion            |       |       |     1 |    13 ||    14
 Stab: Invisible         |       |       |       |     1 ||     1
  Eat: Chunk             |     1 |     2 |     4 |     2 ||     9
       Bread ration      |       |     1 |     1 |       ||     2
       Meat ration       |       |       |     2 |       ||     2
Armor: Scale mail        |    12 |       |       |       ||    12
       Chain mail        |   101 |    54 |       |       ||   155
       Swamp dragon armo |       |     4 |    84 |       ||    88
       Plate armour      |       |       |    22 |   135 ||   157
Dodge: Dodged            |    48 |    24 |    84 |    62 ||   218
Block: Shield            |    73 |    74 |   182 |   228 ||   557
       Reflection        |       |       |       |     2 ||     2
